AoeStats
← FunMeh

Baltic

510510803Analyzed
2v2 RM · 2d ago on Oct 1, 2026· 15m 29s· 4 players
Game mode
Random Map
Map size
Medium (4 player)
Population
200
Speed
Normal
Resources
Standard
Victory
Conquest
Starting age
Dark Age
Ending age
Imperial Age
RankedLock teamsTeams togetherTeam positionsShared explorationLock speedFull tech treeHidden civsTurbo modeCheats
Victory
Defeat
🇫🇷 Persians · France
1125
+19
🇫🇷 Italians · France
1059
+22
🇨🇳 Khmer · China
1204
-21
🇩🇪 Slavs · Germany
1186
-20
FunMeh
6:38 Loom
神采飞扬
6:37 Loom
12:25 Feudal Age
15:54 Castle Age
14:08 Fishing Lines
Dark Woinic
5:31 Loom
11:22 Feudal Age
15:35 Castle Age
14:22 Double-Bit Axe
15:45 Forging
vengir-syranon
4:55 Loom
11:07 Feudal Age
11:47 Fishing Lines
12:00 Double-Bit Axe
Connection lost

Rejoining the realm…

Still unreachable

The connection could not be restored.

Session expired

The server has moved on; the page needs a fresh start.